 Dungeon Crawl Stone Soup version 0.29.1-2-gbd0b4ee654 (webtiles) character file.

Game seed: 17624235859349623595

435 mortz the Sneak (level 7, -1/37 HPs)
             Began as a Kobold Conjurer on Oct 26, 2022.
             Killed from afar by Blork the orc (4 damage)
             ... with a puff of frost
             ... on level 4 of the Dungeon.
             The game lasted 00:28:07 (4998 turns).

mortz the Sneak (Kobold Conjurer)                   Turns: 4998, Time: 00:28:07

Health: -1/37      AC:  8    Str:  4    XL:     7   Next: 21%
Magic:  10/12      EV: 15    Int: 22    God:
Gold:   254        SH:  0    Dex: 19    Spells: 8/13 levels left

rFire   . . .      SeeInvis +   f - +1 dagger
rCold   . . .      Faith    .   (no shield)
rNeg    . . .      Spirit   .   a - +1 robe
rPois   +          Reflect  .   m - +2 hat {SInv}
rElec   .          Harm     .   (no cloak)
rCorr   .          Rampage  .   s - +1 pair of gloves
Will    .....                   p - +0 pair of boots
Stlth   ++++......              (no amulet)
HPRegen 0.12/turn               d - ring "Nizeocs" {Wiz rPois}
MPRegen 0.13/turn               g - +6 ring of dexterity

@: no status effects
A: small, no large weapons, nightstalker 3
a: no special abilities


You were on level 4 of the Dungeon.
You visited 1 branch of the dungeon, and saw 4 of its levels.

You collected 254 gold pieces.

Inventory:

Hand Weapons
 c - a +0 flail
 f - a +1 dagger (weapon)
 n - a +0 hand axe
Armour
 a - a +1 robe (worn)
 e - a +0 leather armour
 m - a +2 hat of see invisible (worn)
 p - a +0 pair of boots (worn)
 s - a +1 pair of gloves (worn)
Jewellery
 d - the ring "Nizeocs" (left hand) {Wiz rPois}
   (You acquired it on level 2 of the Dungeon)

   [ring of wizardry]

   It improves your spell success rate.
   rPois:     It protects you from poison.
 g - a +6 ring of dexterity (right hand)
Scrolls
 j - a scroll of magic mapping
 r - a scroll of amnesia {unknown}
Potions
 h - a potion of lignification
 i - a potion of resistance
 k - a potion of ambrosia
 l - 2 potions of mutation {unknown}
 o - a potion of might
 q - a potion of berserk rage {unknown}


   Skills:
 + Level 0.4 Fighting
 + Level 1.7 Short Blades
 + Level 2.8 Dodging
 + Level 5.8 Stealth
 + Level 3.9 Spellcasting
 * Level 5.3 Conjurations
 * Level 2.2 Translocations


You had 8 spell levels left.
You knew the following spells:

 Your Spells              Type           Power      Damage    Failure   Level
a - Magic Dart            Conj           100%       1d8       1%          1
b - Searing Ray           Conj           54%        2d6       1%          2
p - Passwall              Tmut/Erth      3%         N/A       7%          2

Your spell library contained the following spells:

 Spells                   Type           Power      Damage    Failure   Level
 Sandblast                Erth           8%         2d5       4%          1
 Conjure Flame            Conj/Fire      16%        6-21      4%          3
 Dazzling Flash           Conj/Hex       32%        N/A       4%          3
 Stone Arrow              Conj/Erth      32%        3d9       4%          3
 Iskenderun's Mystic Bla  Conj/Tloc      21%        2d6       10%         4
 Ignite Poison            Fire/Tmut/Pois 4%         N/A       14%         3
 Fulminant Prism          Conj/Hex       8%         3d7       16%         4
 Sticky Flame             Conj/Fire      16%        2d4       16%         4


Dungeon Overview and Level Annotations

Branches:
Dungeon (4/15) Zot: 18999
 Temple: D:4-7

Altars:
Ashenzari
Trog
Uskayaw
Xom

Annotations:
D:4 Blork the orc, Ijyb


Innate Abilities, Weirdness & Mutations

You are small and have problems with some larger weapons.
You are completely attuned to the shadows.


Message History

Without enough magic to sustain it, your searing ray dissipates.
Blork the orc hits you with a +1 scimitar of protection.
Blork the orc attacks as you move away!
Blork the orc hits you with a +1 scimitar of protection.
Blork the orc attacks as you move away!
Blork the orc hits you with a +1 scimitar of protection.
Blork the orc attacks as you move away! Blork the orc closely misses you.
Blork the orc points at you and mumbles some strange words.
The puff of frost hits you but does no damage.
There is an open door here.
Blork the orc gestures wildly while chanting.
Blork the orc seems to speed up.
Blork the orc screams, "Die!"
Blork the orc points at you and mumbles some strange words.
The puff of frost hits you. Blork the orc casts a spell at you.
The puff of flame hits you.
Blork the orc points at you and mumbles some strange words.
The puff of flame hits you.
Blork the orc screams, "I'm going to kill you!"
Blork the orc points at you and mumbles some strange words.
The puff of frost hits you!
* * * LOW HITPOINT WARNING * * *
Okay, then.
Okay, then.
Magic courses through your body.
Casting: Searing Ray (safe; 1% risk of failure)
Confirm with . or Enter, or press ? or * to list all spells.
Aiming: Searing Ray (safe; 1% risk of failure)
Press: ? - help, Shift-Dir - straight line, f/p - Blork the orc
Aim: Blork the orc, wielding a +1 scimitar of protection and wearing a +0 robe (severely wounded, fast, 82% to hit)
The searing ray hits Blork the orc!
Blork the orc is almost dead. (Press . to maintain the ray.) Blork the orc misses you.
The searing ray hits Blork the orc but does no damage.
Blork the orc is almost dead.
Blork the orc casts a spell at you. The puff of frost hits you.
You die...

#####..^^^.........#####
#.^_^.##............
#..^..){.(........#.###
......................##
###.#.#...#.#..#.......### # .#
#.#.#...#.#............###
###.###.......#.#.###..##.##.##)
#.............#.#.###..#...#.).#
##.##.##....#..#@#.#........#....
#...#.##.....).#o#....###....#.#.
#.#.#.##....##.#.##..#⌠..#'##.⌠#.
..#...##.#.###.#.....#.........#.
#####....#........#####.......###
..#...##...###....#...#.......#..
..#.#.####.# #..#...o.'..._...'..
....#.# ##.###........#.......#..
.#.##.###...##.>...#..#.......# #


You could see Blork the orc (fast).

Vanquished Creatures
  Menkaure (D:4)
  An orc priest (D:4)
  A hound (D:4)
  An iguana (D:4)
  Natasha (twice) (D:3)
  2 orc wizards (D:4)
  6 adders
  3 dart slugs
  2 worms
  6 orcs
  2 bats
  6 endoplasms
  3 giant cockroaches
  6 goblins
  7 hobgoblins
  3 quokkas
  8 ball pythons
  3 frilled lizards
  2 kobolds
  5 rats
70 creatures vanquished.

Notes
Turn   | Place    | Note
-------+----------+-------------------------------------------
     0 | D:1      | mortz the Kobold Conjurer began the quest for the Orb.
     0 | D:1      | Reached XP level 1. HP: 10/10 MP: 3/3
   793 | D:1      | Reached XP level 2. HP: 15/15 MP: 1/5
  1005 | D:1      | Learned a level 2 spell: Searing Ray
  1590 | D:2      | Reached XP level 3. HP: 15/19 MP: 0/6
  2110 | D:2      | Found a faded altar of an unknown god.
  2452 | D:2      | You fall into a shaft and drop 2 floors!
  2491 | D:4      | Noticed Blork the orc
  2511 | D:4      | Noticed Ijyb
  2547 | D:4      | Found a shimmering altar of Xom.
  2579 | D:4      | Reached XP level 4. HP: 13/24 MP: 1/8
  2813 | D:3      | Noticed Natasha
  2816 | D:3      | Killed Natasha
  2817 | D:3      | Reached XP level 5. HP: 22/28 MP: 4/10
  3313 | D:2      | Identified a scroll of acquirement
  3313 | D:2      | Acquired the ring "Nizeocs" {Wiz rPois}
  3452 | D:3      | Learned a level 2 spell: Passwall
  3467 | D:3      | Found a bloodstained altar of Trog.
  3539 | D:3      | Noticed Natasha
  3542 | D:3      | Killed Natasha
  3543 | D:3      | Reached skill level 1 in Short Blades
  3694 | D:3      | Reached skill level 5 in Conjurations
  4321 | D:4      | Noticed Menkaure
  4329 | D:4      | Killed Menkaure
  4330 | D:4      | Reached skill level 5 in Stealth
  4330 | D:4      | Reached skill level 1 in Translocations
  4330 | D:4      | Reached XP level 6. HP: 21/32 MP: 6/11
  4345 | D:3      | Acquired a +2 hat of see invisible
  4702 | D:4      | Found a hide-covered altar of Uskayaw.
  4814 | D:4      | Reached XP level 7. HP: 37/37 MP: 6/12
  4960 | D:4      | Found a broken altar of Ashenzari.
  4998 | D:4      | Killed from afar by Blork the orc

Illustrated notes

Levels and vault maps discovered:
D:1:      onia_arrival_mini_maze_b, layout_rooms
D:2:      layout_basic, hellmonk_ecumenical_altar_run_dry
D:3:      layout_loops_ring, mainiacjoe_overflow_alcove_2,
          minmay_joined_circles, uniq_natasha
D:4:      layout_loops_ring, evilmike_ruin_ashenzari, overflow_temple_1_default,
          xom_teletrap_fun, chequers_decorated_corner, serial_bayou_crossing,
          uniq_ijyb, uniq_blork_the_orc, uniq_menkaure

Skill      XL: |  1  2  3  4  5  6  7 |
---------------+----------------------+-----
Stealth        | 3 5 |  5.8
Spellcasting   | 3 |  3.9
Short Blades   | 1 |  1.7
Conjurations   | 5 |  5.3
Translocations | 1 2 |  2.2
Fighting       | |  0.4
Dodging        | |  2.8

Action                   |  1- 3 |  4- 6 |  7- 9 || total
-------------------------+-------+-------+-------++-------
Melee: Unarmed           |    13 |       |       ||    13
       Dagger            |    11 |    19 |       ||    30
 Cast: Magic Dart        |    20 |     1 |       ||    21
       Searing Ray       |     9 |    15 |     6 ||    30
  Use: Scroll            |     2 |    13 |       ||    15
       Potion            |     1 |       |     1 ||     2
 Stab: Sleeping          |     8 |    19 |       ||    27
Armor: Robe              |       |     2 |     3 ||     5
Dodge: Dodged            |    22 |    10 |     8 ||    40
